 Dungeon Crawl Stone Soup version 0.24-a0-170-gd8427f5 (webtiles) character file.

Game seed: 7560121218202700363

4291 Dfrag the Cleaver (level 10, -4/98 HPs)
             Began as a Deep Dwarf Necromancer on Mar 9, 2019.
             Was an Initiate of Makhleb.
             Slain by a yak (10 damage)
             ... on level 8 of the Dungeon.
             The game lasted 00:16:13 (6307 turns).

Dfrag the Cleaver (Deep Dwarf Necromancer)          Turns: 6307, Time: 00:16:13

Health: -4/98      AC:  8    Str: 14    XL:     10   Next: 11%
Magic:  3/15       EV: 12    Int: 19    God:    Makhleb [......]
Gold:   437        SH:  0    Dex: 17    Spells: 13/17 levels left

rFire    . . .     SeeInvis .   D - +4 scimitar
rCold    . . .     Gourm    .   (no shield)
rNeg     . . .     Faith    .   q - +0 leather armour (curse)
rPois    .         Spirit   .   b - +1 helmet
rElec    .         Reflect  .   n - +1 cloak {+Inv}
rCorr    .         Harm     .   g - +0 pair of gloves (curse)
MR       +....                  (no boots)
Stlth    ++........             (no amulet)
HPRegen  0.00/turn              H - +4 ring of dexterity
MPRegen  0.14/turn              y - +2 ring of strength

@: non-regenerating
A: damage resistance, heal wounds, sense surroundings 2, no regeneration
a: Heal Wounds, Renounce Religion, Evoke Invisibility


You were on level 8 of the Dungeon.
You worshipped Makhleb.
Makhleb was noncommittal.
You were hungry.

You visited 2 branches of the dungeon, and saw 10 of its levels.

You collected 437 gold pieces.

Inventory:

Hand Weapons
 d - a +0 spear
 w - a +0 battleaxe
 D - a +4 scimitar (weapon)
Armour
 b - a +1 helmet (worn)
 g - a cursed +0 pair of gloves (worn)
 n - a +1 cloak of invisibility (worn)
 q - a cursed +0 leather armour (worn)
 x - a +2 leather armour of cold resistance
 I - a +1 cloak
 J - a scarf of repulsion
Jewellery
 h - an uncursed ring of see invisible
 y - a +2 ring of strength (right hand)
 B - an uncursed amulet of the acrobat {unknown}
 H - a +4 ring of dexterity (left hand)
Wands
 a - a wand of flame (14)
 l - a wand of polymorph (8)
 p - a wand of random effects (23)
Scrolls
 i - a scroll of amnesia {unknown}
 j - 2 scrolls of fog {unknown}
 k - 2 scrolls of random uselessness {unknown}
 o - 2 scrolls of enchant weapon {unknown}
 t - 2 scrolls of noise {unknown}
 v - 5 scrolls of identify {unknown}
 z - 3 scrolls of remove curse {unknown}
 E - a scroll of teleportation {unknown}
 F - 3 scrolls of vulnerability {unknown}
 K - a scroll of blinking {unknown}
Potions
 e - 2 potions of degeneration {unknown}
 f - a potion of magic {unknown}
 m - 3 potions of ambrosia {unknown}
 r - 3 potions of agility {unknown}
 s - 2 potions of curing {unknown}
 u - a potion of brilliance {unknown}
 A - a potion of might {unknown}
 C - a potion of haste {unknown}
 G - a potion of flight {unknown}
Comestibles
 c - 18 rations


   Skills:
 + Level 8.7 Fighting
 + Level 10.3 Axes
 - Level 2.1 Dodging
 - Level 2.4 Stealth
 - Level 4.3 Spellcasting
 - Level 5.6 Necromancy


You had 13 spell levels left.
You knew the following spells:

 Your Spells              Type           Power        Failure   Level  Hunger
a - Pain                  Necr           ####         1%          1    None
b - Vampiric Draining     Necr           ####......   4%          3    ###....

Your spell library contained the following spells:

 Spells                   Type           Power        Failure   Level  Hunger
 Animate Skeleton         Necr           N/A          1%          1    None
 Animate Dead             Necr           N/A          16%         4    ####...
 Magic Dart               Conj           #...         17%         1    None
 Regeneration             Chrm/Necr      Unusable     N/A         3    N/A

Dungeon Overview and Level Annotations

Branches:
Dungeon (9/15)             Temple (1/1) D:5
   Lair: D:8-11         Orc: D:9-12

Altars:
Ashenzari
Cheibriados
Dithmenos
Elyvilon
Fedhas
Gozag
Hepliaklqana
Kikubaaqudgha
Makhleb
Nemelex Xobeh
Okawaru
Qazlal
Ru
Sif Muna
Trog
Uskayaw
Vehumet
Wu Jian
Xom
Yredelemnul
Zin
The Shining One

Annotations:
D:6 1 runed translucent door, TwoGrow's ghost, novice MfSu


Innate Abilities, Weirdness & Mutations

You are resistant to damage.
You can heal yourself by infusing magical energy.
You passively map the area around you.
You do not regenerate.


Message History

Unknown command.
There is an open door here.
Things that are here:
a war axe; a yak corpse x2
Casting: Vampiric Draining (safe; 4% risk of failure)
Confirm with . or Enter, or press ? or * to list all spells.
Aiming: Vampiric Draining (safe; 4% risk of failure)
Press: ? - help, Shift-Dir - straight line You feel life coursing into your body.
Something gores you!
* * * LOW HITPOINT WARNING * * *
Unknown command.
There is an open door here.
There is an escape hatch in the ceiling here.
Something gores you!
* * * LOW HITPOINT WARNING * * *
A mysterious force pulls you upwards. The hatch slams shut behind you.
Reactivating autopickup.
Something completely misses you. Something gores you!
You die...

.......##...##### ##....# ##.# #
.....####....>#.###.....###..## #
.....#.##.......##..#..###....###
............#....#.##....##....##
######.########.....##....#...#..
#.##≈.≈.##≈.##....####...##...##.
#..≈..#≈##...##...# ##....#..[..#
#.##.#.#.#≈.).##..###..#.........
.≈..#..≈..#.#..#@..##..#.........
#.#⌠##≈.....##^#...##......#.....
#≈≈^≈^≈.##≈...≈#...##.........#..
##..≈≈..##≈##.≈#....##...........
..#≈##≈##≈...###.................
≈..._#≈#≈.≈#.##.......####.......
#≈≈##...##.§##........#..........
#############....................
......#####.##.......>...........


There were no monsters in sight!

Vanquished Creatures
  Pikel (D:5)
  2 hippogriffs
  A wyvern (D:9)
  2 yaks (D:9)
  A hungry ghost (D:8)
  Menkaure (D:5)
  Edmund (D:5)
  A water moccasin (D:9)
  A slave (D:5)
  2 orc warriors (D:8)
  A sky beast (D:6)
  2 necrophages
  2 ogres (D:4)
  A black bear (D:8)
  A centaur (D:6)
  A big kobold (D:8)
  3 bullfrogs
  3 scorpions
  4 wights (D:6)
  5 howler monkeys
  2 crimson imps
  A quasit (D:9)
  A jelly (D:5)
  Crazy Yiuf (D:2)
  An orc priest (D:8)
  A centaur skeleton (D:6)
  6 hounds
  5 orc wizards
  2 bullfrog skeletons (D:5)
  Terence (D:1)
  4 worker ants
  A hound zombie (D:7)
  2 hound skeletons
  13 adders
  An adder zombie (D:5)
  7 worms
  2 dart slugs
  8 leopard geckos
  14 orcs
  13 giant cockroaches
  9 goblins
  13 hobgoblins
  11 jackals
  5 quokkas
  5 bats
  6 frilled lizards
  3 kobolds
  A leopard gecko skeleton (D:4)
  6 rats
  A spectral orc (D:4)
182 creatures vanquished.

Vanquished Creatures (others)
  A leopard gecko (D:5)
  2 withered plants (D:6)
3 creatures vanquished.

Grand Total: 185 creatures vanquished

Notes
Turn   | Place    | Note
-------+----------+-------------------------------------------
     0 | D:1      | Dfrag the Deep Dwarf Necromancer began the quest for the
                  | Orb.
     0 | D:1      | Reached XP level 1. HP: 15/15 MP: 3/3
   100 | D:1      | Reached XP level 2. HP: 16/22 MP: 5/5
   590 | D:2      | Noticed Terence
   703 | D:1      | Killed Terence
   703 | D:1      | Reached XP level 3. HP: 5/28 MP: 0/7
   712 | D:1      | Learned a level 3 spell: Vampiric Draining
   830 | D:2      | Reached skill level 5 in Necromancy
  1097 | D:2      | Reached XP level 4. HP: 31/36 MP: 0/8
  1524 | D:2      | Found a runed translucent door.
  1525 | D:2      | Noticed Crazy Yiuf
  1546 | D:2      | Killed Crazy Yiuf
  1546 | D:2      | Reached XP level 5. HP: 34/42 MP: 0/10
  2276 | D:4      | Noticed an ogre
  2285 | D:4      | Killed an ogre
  2285 | D:4      | Reached skill level 1 in Fighting
  2285 | D:4      | Reached skill level 1 in Axes
  2285 | D:4      | Reached XP level 6. HP: 31/51 MP: 2/12
  2332 | D:4      | Found a hazy altar of Hepliaklqana.
  2340 | D:4      | You fall through a shaft for 2 floors!
  2341 | D:6      | Noticed a sky beast
  2373 | D:6      | Killed a sky beast
  2373 | D:6      | Reached skill level 2 in Axes
  2394 | D:6      | Reached skill level 3 in Axes
  2515 | D:6      | Reached XP level 7. HP: 41/61 MP: 6/13
  2523 | D:5      | Entered Level 5 of the Dungeon
  2574 | D:5      | Found a staircase to the Ecumenical Temple.
  2581 | Temple   | Entered the Ecumenical Temple
  2654 | D:5      | Noticed Edmund
  2662 | D:5      | Killed Edmund
  2662 | D:5      | Reached skill level 4 in Axes
  2710 | D:4      | Found a hide-covered altar of Uskayaw.
  2785 | D:4      | Found a basalt altar of Yredelemnul.
  3051 | D:4      | Found a stormy altar of Qazlal.
  3183 | D:5      | Noticed Menkaure
  3197 | D:5      | Killed Menkaure
  3197 | D:5      | Reached skill level 5 in Axes
  3231 | D:5      | Reached XP level 8. HP: 73/73 MP: 4/14
  3326 | D:5      | Noticed Pikel
  3357 | D:5      | Killed Pikel
  3357 | D:5      | Reached skill level 5 in Fighting
  3357 | D:5      | Reached skill level 6 in Axes
  3386 | D:5      | Found an ancient bone altar of Kikubaaqudgha.
  3391 | D:5      | Found a deep blue altar of Sif Muna.
  3392 | D:5      | Found a radiant altar of Vehumet.
  3402 | D:5      | Identified Vehumet's Compendium of Battle Magic
  3650 | D:6      | Reached skill level 7 in Axes
  3819 | D:6      | Found a runed translucent door.
  3821 | D:6      | Noticed TwoGrow's ghost (novice MfSu)
  3923 | D:6      | Gained mutation: You passively map the area around you.
                  | [Deep Dwarf growth]
  3923 | D:6      | Reached XP level 9. HP: 31/85 MP: 3/15
  3962 | D:6      | Reached skill level 8 in Axes
  4635 | D:7      | Found a sacrificial altar of Ru.
  4985 | D:7      | Found a glowing silver altar of Zin.
  4986 | D:7      | Noticed an angel
  5222 | D:8      | Reached skill level 9 in Axes
  5663 | D:8      | Found a shimmering altar of Xom.
  5803 | D:8      | Found a burning altar of Makhleb.
  5822 | D:8      | Became a worshipper of Makhleb the Destroyer
  5948 | D:9      | Reached skill level 10 in Axes
  5951 | D:9      | Reached XP level 10. HP: 53/98 MP: 1/15
  6189 | D:9      | Found a sparkling altar of Nemelex Xobeh.
  6189 | D:9      | Found an opulent altar of Gozag.
  6307 | D:8      | Slain by a yak

Levels and vault maps discovered:
D:1:      zaba_arrival_water, layout_basic
D:2:      layout_rooms, kennysheep_cross_bottleneck, uniq_terence,
          uniq_crazy_yiuf_cottage
D:3:      layout_rooms, first_ration
D:4:      layout_cave_pools, nicolae_overflow_crystal_walls,
          kennysheep_mini_moat, yredelemnul_forgotten_temple_becter,
          eat_drink_and_be_merry_uskayaw
D:5:      layout_rooms, grunt_temple_overflow_magic_moments,
          minmay_temple_entry_arrows, uniq_pikel, uniq_menkaure, uniq_edmund
D:6:      layout_rooms, gammafunk_ghost_grave
D:7:      layout_cave_pods, zin_angel, nicolae_ru_great_annihilating_truth
D:8:      layout_cave_pools, makhleb_blood_cavern_becter, tgw_xom,
          blue_anna_alchemist [blue_anna_fruit_fields, blue_anna_fruit_fields]
D:9:      layout_roguey, grunt_temple_overflow_opulence
Temple:   compressed_dpeg_triangle_lava_temple

Skill      XL: |  1  2  3  4  5  6  7  8  9 |
---------------+----------------------------+-----
Spellcasting   | 2 3 4 |  4.3
Necromancy     | 5 |  5.6
Fighting       | 1 2 4 6 8 |  8.7
Axes           | 1 3 5 7 10 | 10.3
Dodging        | |  2.1
Stealth        | |  2.4

Action                   |  1- 3 |  4- 6 |  7- 9 | 10-12 || total
-------------------------+-------+-------+-------+-------++-------
Melee: Spear             |    60 |   105 |       |       ||   165
       Battleaxe         |       |    30 |    67 |       ||    97
       Scimitar          |       |       |   134 |    15 ||   149
 Cast: Pain              |    33 |    43 |    25 |       ||   101
       Vampiric Draining |    10 |    32 |    83 |    14 ||   139
 Abil: Heal Wounds       |       |       |     1 |       ||     1
Evoke: Wand              |       |       |     5 |     4 ||     9
  Use: Potion            |       |       |     2 |       ||     2
 Stab: Sleeping          |     1 |     2 |     1 |     1 ||     5
       Paralysed         |       |       |     3 |       ||     3
  Eat: Chunk             |     1 |     8 |    24 |       ||    33
       Ration            |       |       |     1 |       ||     1
Armor: Robe              |    25 |    46 |       |       ||    71
       Leather armour    |       |    22 |   140 |     7 ||   169
       Skin              |       |       |     6 |       ||     6
Dodge: Dodged            |    46 |   129 |   178 |    21 ||   374
       Rpst.: Scimitar   |       |       |    26 |     6 ||    32

Table legend:
 A = Non-vault XP
 B = Vault XP
 C = Vault XP percentage of total XP
 D = Non-vault monster count
 E = Vault monster count
 F = Vault count percentage of total count
                 A         B        C        D         E       F
            +---------+---------+-------+---------+---------+-------
      Total |    4754 |    1376 |  22.4 |     168 |      13 |   7.2
            +---------+---------+-------+---------+---------+-------
        D:1 |      36 |      36 |  50.0 |      21 |       1 |   4.5
        D:2 |      88 |      44 |  33.3 |      24 |       1 |   4.0
        D:3 |      81 |       0 |   0.0 |      26 |       0 |   0.0
        D:4 |     374 |       1 |   0.3 |      14 |       1 |   6.7
        D:5 |     315 |     995 |  76.0 |      12 |       3 |  20.0
        D:6 |    1062 |       0 |   0.0 |      22 |       0 |   0.0
        D:7 |     800 |      57 |   6.7 |      19 |       4 |  17.4
        D:8 |    1100 |     243 |  18.1 |      20 |       3 |  13.0
        D:9 |     898 |       0 |   0.0 |      10 |       0 |   0.0
            +---------+---------+-------+---------+---------+-------
